Map: Thunderbird LE

Players

TiPtOP - Winner!

  • Race: Terran Terran
  • League: Silver
  • Spawn Location: 11:00

ThomasMarik

  • Race: Protoss Protoss
  • League: Silver
  • Spawn Location: 5:00

VOD

Have the link to the VOD?

Description

Time

  • Played on: Aug. 18, 2019, 6:28 a.m.
  • Length: 16:00
Show
View Real Time Build Order
Export as new Build Order

TiPtOP Terran - Winner!

Build Orders: Mech 

Get SALT Encoding   

  12  0:01  SCV  
  13  0:15  Supply Depot  
  13  0:17  SCV  
  14  0:31  SCV  
  15  0:43  Barracks  
  15  0:45  SCV  
  15  0:49  Refinery  
  16  1:00  SCV  
  17  1:15  SCV  
  18  1:27  Command Center  
  18  1:30  SCV  
  19  1:41  Bunker  
  19  1:44  SCV  
  20  1:53  Marine  
  21  1:57  SCV  
  22  2:14  Factory  
  22  2:25  Supply Depot  
  22  2:36  Barracks Tech Lab  
  22  2:37  SCV  
  23  2:46  Orbital Command, Supply Depot  
  23  2:50  Orbital Command  
  23  3:09  Supply Depot  
  23  3:22  SCV  
  23  3:25  SCV  
  25  3:29  Siege Tank, Refinery  
  25  3:34  SCV  
  29  3:35  Supply Depot  
  29  3:37  SCV  
  30  3:49  SCV  
  31  3:56  SCV  
  31  4:01  SCV  
  31  4:02  Engineering Bay  
  33  4:05  Siege Tank  
  33  4:08  SCV  
  38  4:17  SCV  
  38  4:20  SCV  
  39  4:29  SCV  
  40  4:32  SCV  
  40  4:33  Factory  
  41  4:38  Missile Turret  
  41  4:51  Siege Tank  
  44  4:58  SCV  
  44  4:59  SCV  
  46  5:03  Refinery  
  46  5:08  Missile Turret  
  46  5:11  SCV x2  
  48  5:19  Armory  
  48  5:23  SCV  
  49  5:37  Marine  
  50  5:46  Command Center  
  50  5:52  Factory  
  50  5:53  SCV  
  50  5:55  Marine  
  52  6:05  SCV  
  53  6:14  SCV  
  53  6:16  Supply Depot  
  53  6:17  SCV, Supply Depot  
  55  6:22  Thor  
  61  6:26  SCV  
  61  6:29  SCV  
  61  6:30  Factory Reactor  
  63  6:42  Terran Vehicle Weapons Level 1  
  63  6:44  Factory Tech Lab  
  63  6:45  Supply Depot  
  63  6:54  SCV x2  
  65  7:06  SCV  
  66  7:18  Thor  
  66  7:20  Thor  
  78  7:33  Hellion x2  
  82  7:40  Orbital Command  
  82  7:43  SCV x2  
  84  7:55  SCV x2  
  86  7:59  Hellion x2  
  86  8:00  Refinery  
  86  8:01  Thor  
  96  8:09  Supply Depot x3  
  96  8:17  Missile Turret  
  85  8:41  Missile Turret  
  85  8:44  Thor  
  91  9:06  Hellion x2  
  95  9:10  SCV  
  96  9:20  SCV  
  96  9:22  SCV  
  98  9:27  Thor  
  104  9:34  SCV  
  105  9:51  Hellion x2  
  109  10:00  Refinery, SCV x3  
  112  10:09  Thor  
  112  10:10  Refinery  
  112  10:12  Hellion  
  120  10:21  Terran Vehicle Weapons Level 2  
  120  10:27  Armory  
  120  10:35  Supply Depot  
  120  10:38  Supply Depot  
  120  10:45  SCV  
  121  10:52  Thor  
  127  10:57  SCV  
  127  10:59  Missile Turret  
  128  11:05  Hellion  
  128  11:06  Hellion  
  128  11:09  SCV  
  133  11:16  SCV x2  
  135  11:21  SCV  
  136  11:27  Hellion, Hellbat  
  136  11:28  SCV  
  141  11:33  SCV  
  141  11:35  Thor  
  148  11:40  SCV  
  149  11:56  Missile Turret  
  149  11:57  Missile Turret  
  149  11:58  Missile Turret  
  149  12:01  Supply Depot  
  149  12:03  Supply Depot  
  149  12:04  Supply Depot x2  
  149  12:17  Supply Depot  
  149  12:23  SCV, Hellbat x2  
  149  12:24  Thor  
  149  12:25  Thor  
  149  12:27  Terran Vehicle And Ship Armor Level 1  
  166  12:42  Terran Vehicle Weapons Level 3  
  166  12:44  Hellbat  
  168  12:54  Factory  
  168  12:55  Factory  
  168  12:59  Factory  
  168  13:02  Hellion  
  168  13:04  Infernal Pre-Igniter  
  172  13:06  Hellion  
  172  13:07  Thor  
  172  13:08  Thor  
  184  13:24  Hellion  
  186  13:40  Missile Turret  
  186  13:47  Sensor Tower, Factory Tech Lab  
  186  13:49  Factory Tech Lab  
  186  13:59  Supply Depot  
  186  14:01  Supply Depot  
  186  14:02  Missile Turret  
  186  14:12  Hellion x8  
  186  14:21  Thor  
  186  14:22  Thor, Supply Depot  
  198  14:24  Supply Depot  
  162  15:00  Hellion x2  
  162  15:03  Thor  
  162  15:05  Thor  
  168  15:21  Hellion  
Show
View Real Time Build Order
Export as new Build Order

ThomasMarik Protoss 

Build Orders:  

Get SALT Encoding   

  12  0:02  Probe  
  13  0:14  Probe  
  14  0:22  Pylon  
  14  0:26  Probe  
  15  0:39  Probe  
  16  0:47  Gateway  
  16  0:48  Probe  
  16  0:50  Assimilator  
  16  0:56  Probe  
  18  1:07  Gateway  
  18  1:08  Probe  
  19  1:22  Assimilator  
  19  1:23  Probe  
  20  1:33  Pylon  
  20  1:35  Probe  
  21  1:43  Cybernetics Core  
  21  1:47  Probe  
  22  1:59  Probe  
  23  2:11  Stalker x2, Pylon  
  23  2:12  Probe  
  28  2:46  Nexus  
  28  2:52  Stalker  
  28  2:55  Sentry  
  28  2:56  Probe  
  28  2:57  Warp Gate  
  33  3:08  Gateway  
  33  3:21  Probe  
  33  3:24  Pylon  
  34  3:37  Forge  
  34  3:38  Probe  
  35  3:43  Twilight Council  
  35  3:50  Probe, Protoss Ground Weapons Level 1  
  36  3:59  Probe  
  36  4:02  Pylon  
  37  4:07  Probe  
  38  4:10  Robotics Facility  
  38  4:31  Pylon  
  38  4:34  Probe  
  39  4:43  Probe, Assimilator  
  40  4:48  Stalker  
  40  4:49  Stalker  
  40  4:50  Stalker  
  46  4:56  Probe  
  47  5:00  Observer  
  47  5:07  Probe  
  49  5:12  Charge  
  49  5:18  Gateway x2  
  49  5:21  Gateway  
  49  5:22  Gateway  
  49  5:23  Probe  
  50  5:29  Probe  
  50  5:32  Pylon  
  50  5:34  Warp Prism  
  53  5:38  Probe  
  53  5:40  Zealot x2  
  58  5:50  Probe  
  58  5:53  Probe  
  60  6:03  Probe  
  61  6:05  Protoss Ground Weapons Level 2  
  61  6:19  Pylon  
  61  6:21  Pylon  
  61  6:25  Photon Cannon  
  61  6:29  Photon Cannon  
  61  6:34  Immortal  
  61  6:37  Probe x2  
  67  6:40  Stalker  
  67  6:42  Zealot  
  67  6:43  Photon Cannon  
  71  6:47  Pylon  
  71  6:49  Probe  
  72  6:54  Probe  
  72  6:57  Templar Archives  
  72  7:01  Probe  
  74  7:07  Probe  
  75  7:15  Assimilator  
  75  7:27  Probe x2  
  75  7:28  Immortal  
  81  7:33  Zealot  
  81  7:34  Zealot x2  
  81  7:36  Stalker x2  
  91  7:37  Stalker x2  
  91  7:41  Psionic Storm  
  95  7:47  Probe x2  
  97  7:57  High Templar  
  99  8:03  Probe x2  
  97  8:30  High Templar x2  
  97  8:31  Stalker  
  97  8:33  Zealot x3  
  105  8:34  Zealot  
  105  8:45  Blink  
  105  8:49  Immortal  
  109  9:29  Pylon  
  109  9:31  Pylon  
  109  9:33  Probe  
  109  9:34  Pylon x2  
  109  9:35  Pylon  
  109  9:36  Nexus  
  109  9:37  Protoss Ground Weapons Level 3  
  110  9:43  Pylon  
  110  9:45  Pylon  
  110  9:47  Probe  
  110  9:48  Pylon  
  111  9:57  Probe  
  111  9:59  High Templar  
  114  10:00  High Templar x2  
  118  10:30  Probe x2  
  118  10:33  High Templar x2  
  124  10:37  Archon  
  125  10:42  Probe  
  125  10:45  Archon  
  125  10:47  High Templar  
  125  10:48  High Templar  
  129  10:55  Zealot x2  
  129  10:56  Zealot  
  135  11:02  Nexus  
  135  11:05  Probe  
  135  11:06  Probe x2  
  138  11:20  Probe x2  
  138  11:22  Probe  
  141  11:26  Archon  
  141  11:27  High Templar  
  141  11:29  High Templar  
  145  11:35  Zealot x2  
  145  11:36  Zealot  
  145  11:37  Zealot  
  157  11:40  Immortal  
  157  11:48  Pylon  
  157  11:56  Pylon  
  157  12:04  Photon Cannon  
  157  12:06  Photon Cannon, Probe  
  157  12:07  Probe  
  159  12:10  Photon Cannon  
  159  12:14  Assimilator  
  159  12:17  Assimilator  
  159  12:22  Photon Cannon  
  159  12:25  Assimilator  
  159  12:27  Archon  
  159  12:28  Photon Cannon  
  159  12:30  Photon Cannon, Assimilator  
  159  12:31  High Templar  
  159  12:32  High Templar  
  159  12:34  High Templar  
  159  12:35  High Templar  
  167  12:38  Archon  
  167  12:44  Archon  
  167  13:01  Zealot  
  167  13:02  Zealot x2  
  167  13:03  Zealot  
  175  13:17  Probe x3  
  182  13:27  Immortal  
  182  13:33  Zealot x2  
  182  13:34  Zealot  
  188  13:36  High Templar x2  
  188  13:38  High Templar x2  
  188  13:41  Probe x3  
  199  13:42  Probe  
  200  14:08  Observer  
  102  15:12  Zealot  
  102  15:13  Zealot x3  
  96  15:14  Zealot x2  
  96  15:15  Zealot  
  96  15:18  Immortal  
  86  15:36  Zealot x3  
  86  15:37  Zealot x2  
  86  15:38  Zealot  
  86  15:39  Zealot  
Tags
 
Composition
Mech
Matchup
PvT
Spawn Locations
Cross Positions
Add a new tag
Caveats
  • Supply blocks, unpowered buildings, or Contaminate may cause inaccurate times.
  • Supply counts are checked every 10 seconds.